 Dungeon Crawl Stone Soup version 0.29.1-15-g9cfb28693d (webtiles) character file.

Game seed: 2706697687532646610

717 croobank the Covert (level 7, -2/49 HPs)
             Began as an Octopode Delver on Mar 11, 2023.
             Was an Initiate of Gozag.
             Slain by an adder (4 damage)
             ... on level 5 of the Dungeon.
             The game lasted 00:08:24 (4637 turns).

croobank the Covert (Octopode Delver)               Turns: 4637, Time: 00:08:24

Health: -2/49      AC:  1    Str: 12    XL:     7   Next: 70%
Magic:  9/9        EV: 14    Int: 14    God:    Gozag
Gold:   578        SH:  0    Dex: 13    Spells: 8/9 levels left

rFire   . . .      SeeInvis .   a - +0 hand axe
rCold   . . .      Faith    .   (no shield)
rNeg    . . .      Spirit   .   (helmet restricted)
rPois   .          Reflect  .   (no amulet)
rElec   .          Harm     .   (no ring)
rCorr   .          Rampage  .   (no ring)
Will    .....                   (no ring)
Stlth   +++++.....              (no ring)
HPRegen 0.16/turn               (no ring)
MPRegen 0.11/turn               (no ring)
                                (no ring)
                                (no ring)

@: mighty, gold aura, flying
A: almost no armour, amphibious, 8 rings, camouflage 1, gelatinous body 1,
(nimble swimmer 1), tentacles
a: Renounce Religion, Potion Petition, Call Merchant, Bribe Branch


You were on level 5 of the Dungeon.
You worshipped Gozag.
Gozag was pleased with you.
You visited 1 branch of the dungeon, and saw 6 of its levels.

You collected 687 gold pieces.
You spent 13 gold pieces at shops.
You paid 96 gold pieces to Gozag.

Inventory:

Hand Weapons
 a - a +0 hand axe (weapon)
 p - a +0 dagger
Missiles
 j - 4 poisoned darts (quivered)
Magical Staves
 D - a staff of fire
Jewellery
 v - a ring of fire
 y - a +4 ring of evasion
Wands
 f - a wand of digging (3)
 g - a wand of roots (21)
 k - a wand of flame (17)
 m - a wand of mindburst (18)
Scrolls
 b - 2 scrolls of fog
 c - 2 scrolls of magic mapping
 d - a scroll of fear
 h - 2 scrolls of vulnerability {unknown}
 l - 2 scrolls of poison {unknown}
 n - 2 scrolls of enchant weapon {unknown}
 t - 3 scrolls of identify {unknown}
 u - a scroll of amnesia {unknown}
 C - a scroll of blinking {unknown}
 E - 2 scrolls of teleportation {unknown}
Potions
 e - a potion of haste
 i - a potion of flight
 q - a potion of invisibility {unknown}
 r - 3 potions of heal wounds {unknown}
 s - 4 potions of curing {unknown}
 w - a potion of mutation {unknown}
 x - 2 potions of lignification {unknown}
 z - a potion of brilliance {unknown}
 A - 3 potions of cancellation {unknown}
 B - 2 potions of attraction {unknown}


   Skills:
 + Level 4.8 Fighting
 + Level 4.2 Axes
 + Level 4.2 Dodging
 + Level 8.6 Stealth
 + Level 1.7 Spellcasting
 * Level 1.2 Hexes


You had 8 spell levels left.
You knew the following spells:

 Your Spells              Type           Power      Damage    Failure   Level
a - Slow                  Hex            16%        N/A       16%         1

Your spell library contained the following spells:

 Spells                   Type           Power      Damage    Failure   Level
 Static Discharge         Conj/Air       1%         3-4/arc   36%         2
 Confusing Touch          Hex            4%         N/A       41%         3
 Conjure Flame            Conj/Fire      1%         6-21      58%         3
 Gell's Gravitas          Tloc           1%         N/A       58%         3
 Ignite Poison            Fire/Tmut/Pois 1%         N/A       58%         3
 Teleport Other           Tloc           1%         N/A       58%         3
 Vampiric Draining        Necr           1%         2d6       58%         3
 Dispel Undead            Necr           1%         3d6       94%         4
 Sticky Flame             Conj/Fire      1%         2d3       94%         4
 Dispersal                Tloc           0%         N/A       100%        6


Dungeon Overview and Level Annotations

Branches:
Dungeon (6/15)             Temple (0/1) D:4

Altars:
Cheibriados
Gozag
Makhleb
Ru
Uskayaw
The Shining One

Shops:
D:2 *

Annotations:
D:3 2 transporters, THTSBRD's ghost, weakling FeTm
D:6 Sigmund


Innate Abilities, Weirdness & Mutations

You cannot wear most types of armour.
You are amphibious.
You can wear up to eight rings at the same time.
Your skin changes colour to match your surroundings (Stealth+).
Your rubbery body absorbs attacks. (AC +1, EV +1)
((You are camouflaged when in or above water. (Stealth+)))
You have tentacles for arms and can constrict up to eight enemies at once.


Message History

The gnoll is moderately wounded.
You constrict the gnoll.
The adder bites the plant.
The gnoll hits you with a +0 club.
The adder bites the plant.
The plant begins to die.
You hit the gnoll. You squeeze the gnoll.
The gnoll is severely wounded.
You constrict the gnoll.
You kill the gnoll!
The gnoll is distracted by your dazzling golden aura.
Things that are here:
8 gold pieces; a +0 club The gnoll shouts!
You hit the gnoll.
The gnoll is no longer distracted by gold.
Your grab misses the gnoll.
The gnoll is moderately wounded.
You barely miss the gnoll.
A nearby plant withers and dies.
The gnoll hits you with a +0 spear. The gnoll closely misses you.
The gnoll hits you with a +0 spear. The gnoll completely misses you.
You hit the gnoll. You grab the gnoll.
The gnoll is heavily wounded.
You hit the gnoll. You constrict the gnoll.
A nearby plant withers and dies.
The gnoll hits you with a +0 spear! The gnoll hits you with a +0 whip.
* * * LOW HITPOINT WARNING * * *
You are too injured to fight recklessly!
You hit the gnoll.
The gnoll is almost dead.
You hit the gnoll. You constrict the gnoll.
You kill the gnoll!
The gnoll hits you with a +0 whip!
* * * LOW HITPOINT WARNING * * *
It was a potion of flight.
You feel very buoyant.
You fly up into the air.
The gnoll hits you with a +0 whip.
* * * LOW HITPOINT WARNING * * *
It was a potion of might.
You feel very mighty all of a sudden. The adder bites you.
You die...
Your body crumbles into a pile of gold.

##...........# $
.#...........#
#.######....(.# .
####.###########.# ..###
#.?......# #.#
.....##........# #.#
PP.P...........# #.#
...P...$.......# #.#
.P.P..S@$......# #.#
.P....$g.......# #.#
.P.P...........#######'#
.....##...........##....
PP.P.#.....#.#....##....
..........<#.#....##....
.#.###.....#.#....##....
.. #.....#......##....
########.....##....


You could see a gnoll and an adder.

Vanquished Creatures
  A phantom (D:5)
  A necrophage (D:5)
  4 scorpions
  A howler monkey (D:4)
  An orc priest (D:4)
  Ijyb (D:5)
  2 iguanas (D:5)
  3 gnolls
  7 adders
  A shadow imp (D:5)
  3 worms
  4 dart slugs
  7 orcs
  7 endoplasms
  4 giant cockroaches
  10 hobgoblins
  A jackal (D:3)
  6 quokkas
  5 ball pythons
  4 bats
  A frilled lizard (D:2)
  9 goblins
  10 kobolds
  7 rats
100 creatures vanquished.

Vanquished Creatures (others)
  3 gnolls (D:4)
  2 plants (D:5)
5 creatures vanquished.

Grand Total: 105 creatures vanquished

Notes
Turn   | Place    | Note
-------+----------+-------------------------------------------
     0 | D:5      | croobank the Octopode Delver began the quest for the Orb.
     0 | D:5      | Reached XP level 1. HP: 16/16 MP: 1/1
     3 | D:6      | Noticed a bullfrog
    33 | D:6      | Noticed an ogre
    43 | D:6      | Noticed Sigmund
    67 | D:5      | Noticed a scorpion
    81 | D:5      | Killed a scorpion
    82 | D:5      | Reached skill level 7 in Stealth
    82 | D:5      | Reached XP level 2. HP: 13/21 MP: 2/2
    82 | D:5      | Reached XP level 3. HP: 16/26 MP: 3/3
    82 | D:5      | Reached XP level 4. HP: 19/31 MP: 4/4
   226 | D:5      | Noticed an ice beast
   263 | D:6      | Found a sacrificial altar of Ru.
   264 | D:6      | Found a burning altar of Makhleb.
   272 | D:6      | Noticed a yak
   280 | D:6      | Identified the +4 ring mail of Hejiuhiu {rN+ Regen+ Slay+2}
   333 | D:5      | Noticed a necrophage
   351 | D:5      | Killed a necrophage
   352 | D:5      | Reached XP level 5. HP: 37/37 MP: 5/5
   382 | D:5      | Noticed Ijyb
   391 | D:5      | Killed Ijyb
   532 | D:2      | Found Jefawe's General Store.
   915 | D:2      | Reached XP level 6. HP: 39/43 MP: 6/6
   989 | D:2      | Found an opulent altar of Gozag.
  1013 | D:2      | Became a worshipper of Gozag Ym Sagoz the Greedy
  1062 | D:2      | Bought a potion of degeneration for 13 gold pieces
  1155 | D:2      | Found a faded altar of an unknown god.
  2362 | D:3      | Reached skill level 8 in Stealth
  2469 | D:3      | Found a transporter.
  2515 | D:3      | Noticed THTSBRD's ghost (weakling FeTm)
  2520 | D:3      | Found a transporter.
  3035 | D:3      | Found a snail-covered altar of Cheibriados.
  3330 | D:4      | Found a hide-covered altar of Uskayaw.
  3351 | D:4      | Reached skill level 1 in Spellcasting
  3351 | D:4      | Reached XP level 7. HP: 45/49 MP: 8/8
  4028 | D:4      | Learned a level 1 spell: Slow
  4395 | D:4      | Found a glowing golden altar of the Shining One.
  4474 | D:4      | Found a staircase to the Ecumenical Temple.
  4629 | D:5      | Reached skill level 1 in Hexes
  4636 | D:5      | HP: 2/49 [gnoll/+0 whip (4)]
  4637 | D:5      | Slain by an adder

Illustrated notes

Levels and vault maps discovered:
D:1:      minmay_arrival_shattered_statue, layout_basic
D:2:      layout_rooms, serial_shops, shop, hellmonk_ecumenical_altar_zigzags,
          basic_altar, nrook_loot_triangle
D:3:      layout_basic, cheibrodos_worm_habitat, gammafunk_ghost_arena,
          minmay_joined_circles
D:4:      nicolae_cairo_tiling, layout_loops_ring, tso_oasis_becter,
          eat_drink_and_be_merry_uskayaw, lemuel_temple_firewalk_b
D:5:      layout_basic, mainiacjoe_overflow_cross_hatched,
          mainiacjoe_overflow_alcove_1, marbit_many_paths, uniq_ijyb
D:6:      layout_cave_pools, okawaru_metal_pillars_1_2,
          nicolae_overflow_two_pavilions, nicolae_overflow_hidden_temple,
          hellmonk_ghost_happy_afterlife, uniq_sigmund

Skill      XL: |  1  2  3  4  5  6  7 |
---------------+----------------------+-----
Stealth        | 7 8 |  8.6
Axes           | 3 4 |  4.2
Dodging        | 3 4 |  4.2
Fighting       | 4 |  4.8
Spellcasting   | 1 |  1.7
Hexes          | 1 |  1.2

Action                   |  1- 3 |  4- 6 |  7- 9 || total
-------------------------+-------+-------+-------++-------
Melee: Hand axe          |     3 |   133 |    55 ||   191
       Constrict         |     1 |    32 |    15 ||    48
       Tentacles         |     1 |    26 |    14 ||    41
       Punch             |       |     2 |       ||     2
Evoke: Wand              |     1 |     6 |       ||     7
  Use: Potion            |       |       |     2 ||     2
       Scroll            |       |       |     1 ||     1
 Stab: Sleeping          |       |    26 |     7 ||    33
       Distracted        |       |     1 |       ||     1
Armor: Skin              |       |     5 |     1 ||     6
Dodge: Dodged            |     5 |    91 |    36 ||   132
